 Dungeon Crawl Stone Soup version 0.30.1-4-g462c640d31 (webtiles) character file.

Game seed: 2586888432467145539

3362 Zeor the Covered (level 9, -1/68 HPs)
             Began as a Demonspawn Gladiator on Aug 12, 2023.
             Was a Believer of Makhleb.
             Slain by a kobold brigand
             ... wielding a +2 dagger of holy wrath
              (5 damage)
             ... on level 8 of the Dungeon on Aug 13, 2023.
             The game lasted 00:19:13 (6104 turns).

Zeor the Covered (Demonspawn Gladiator)             Turns: 6104, Time: 00:19:14

Health: -1/68      AC: 19    Str: 18    XL:     9   Next: 73%
Magic:  13/13      EV:  7    Int:  7    God:    Makhleb [**....]
Gold:   103        SH:  0    Dex: 23    Spells: 8/8 levels left

rFire   + . .        q - +9 whip "Omamemn" {elec, rPois rF+ Int-3}
rCold   . . .        (no shield)
rNeg    . . .        h - +0 plate armour
rPois   +            x - +1 helmet
rElec   .            (no cloak)
rCorr   +            n - +1 pair of gloves
SInv    .            m - +1 pair of boots of Luteta {Dex+8}
Will    .....        l - amulet of faith Stlth
                     w - ring of resist corrosion
HPRegen 0.31/turn    (no ring)
MPRegen 0.13/turn

%: faith
@: no status effects
A: powered by pain 2, demonic magic 1, weakness stinger 2, demonic touch 2
a: Renounce Religion, Minor Destruction


You were on level 8 of the Dungeon.
You worshipped Makhleb.
Makhleb was pleased with you.
You visited 2 branches of the dungeon, and saw 9 of its levels.

You collected 470 gold pieces.
You spent 367 gold pieces at shops.

Inventory:

Hand Weapons
 a - a +1 vampiric long sword
 q - the +9 whip "Omamemn" (weapon) {elec, rPois rF+ Int-3}
   (You found it on level 3 of the Dungeon)

   Int:       It affects your intelligence (-3).
   rF:        It protects you from fire.
   rPois:     It protects you from poison.
 s - a +0 long sword
Missiles
 d - 2 throwing nets
 e - a javelin
 u - 26 poisoned darts (quivered)
Armour
 h - a +0 plate armour (worn)
 m - the +1 pair of boots of Luteta (worn) {Dex+8}
   (You found it on level 2 of the Dungeon)

   Dex:       It affects your dexterity (+8).
 n - a +1 pair of gloves (worn)
 x - a +1 helmet (worn)
Jewellery
 l - an amulet of faith (around neck)
 w - a ring of resist corrosion (left hand)
Wands
 b - a wand of mindburst (10)
Scrolls
 k - 3 scrolls of fog
 p - 3 scrolls of blinking
 v - a scroll of brand weapon
 y - 2 scrolls of teleportation
 B - a scroll of identify
Potions
 c - 3 potions of brilliance
 f - a potion of magic
 g - 2 potions of invisibility
 i - 5 potions of curing
 j - 3 potions of flight
 o - 2 potions of ambrosia
 r - 2 potions of haste
 t - a potion of mutation
 z - a potion of might


   Skills:
 + Level 5.5 Fighting
 - Level 5.5 Long Blades
 + Level 5.8 Maces & Flails
 + Level 2.0 Throwing
 + Level 6.7 Armour
 + Level 3.4 Dodging
 + Level 2.6 Stealth
 * Level 5.8 Invocations


You had 8 spell levels left.
You didn't know any spells.
Your spell library contained the following spells:

 Spells                   Type           Power      Damage    Failure   Level
 Ensorcelled Hibernation  Hex/Ice        0%         N/A       100%        2
 Passwall                 Tmut/Erth      0%         N/A       100%        2
 Ozocubu's Armour         Ice            0%         N/A       100%        3
 Swiftness                Air            0%         N/A       100%        3
 Metabolic Englaciation   Hex/Ice        0%         N/A       100%        5
 Simulacrum               Ice/Necr       0%         N/A       100%        6


Dungeon Overview and Level Annotations

Branches:
Dungeon (8/15)             Temple (1/1) D:6
   Lair: D:8-11

Altars:
Ashenzari
Cheibriados
Dithmenos
Fedhas
Gozag
Hepliaklqana
Kikubaaqudgha
Makhleb
Nemelex Xobeh
Okawaru
Qazlal
Ru
Sif Muna
Trog
Uskayaw
Wu Jian
Xom
Yredelemnul

Shops:
D:7 *

Annotations:
D:5 exclusion: 2 doors


Innate Abilities, Weirdness & Mutations

You sometimes gain power by taking damage.
Spells you cast may paralyse adjacent enemies.
You have a tail ending in a sharp stinger.
Your touch may inflict irresistible damage on your foes.


Message History

You feel yourself slow down.
You barely miss the two-headed ogre.
You tail-slap the two-headed ogre, but do no damage.
The two-headed ogre hits you with a +0 giant spiked club!
The two-headed ogre hits you with a +0 giant club!!
* * * LOW HITPOINT WARNING * * *
Blink to where?
Press: ? - help, Dir - move target
As you read the scroll of blinking, it crumbles to dust.
There is an open door here.
You hear the slow hiss of a distant avalanche of sand.
There is an open door here.
Okay, then.
Throw: 3 throwing nets
Press: ? - help, Shift-Dir - straight line, f - two-headed ogre
Aim: a two-headed ogre, wielding a +0 giant spiked club and a +0 giant club (79% to hit)
You throw a throwing net.
The throwing net hits the two-headed ogre.
The two-headed ogre is caught in the net!
The two-headed ogre struggles against the net.
You catch the helpless two-headed ogre completely off-guard!
You hit the two-headed ogre.
You tail-slap the two-headed ogre, but do no damage.
You touch the two-headed ogre.
The two-headed ogre is lightly wounded.
The two-headed ogre struggles against the net. x2
You whack the two-headed ogre! You tail-slap the two-headed ogre.
You touch the two-headed ogre!
The two-headed ogre is severely wounded.
You feel yourself speed up. The kobold brigand barely misses you.
The two-headed ogre struggles against the net.
You hit the two-headed ogre.
Lightning courses through the two-headed ogre!
You kill the two-headed ogre!
Makhleb accepts your kill.
The kobold brigand hits you with a +2 dagger of holy wrath.
* * * LOW HITPOINT WARNING * * *
You convulse.
You die...

∙∙∙∙∙∙∙?∙∙∙∙∙∙∙∙∙∙∙▒∙∙∙∙∙▒
∙∙∙∙∙∙∙∙∙∙∙∙∙∙∙∙∙∙∙▒∙∙∙∙∙▒
∙∙∙∙∙∙∙∙†∙∙∙∙∙∙∙∙∙∙▒∙∙∙∙∙▒
∙∙∙▒▒∙∙>∙∙∙∙▒▒∙∙∙∙∙▒∙∙∙∙∙▒
∙∙∙▒▒∙∙∙∙∙∙∙▒▒∙∙∙∙∙▒▒∙∙>∙▒
∙∙∙∙∙∙∙∙∙∙∙∙▒▒∙∙∙∙∙▒▒∙∙∙∙▒
∙∙))∙∙∙∙∙∙∙∙∙∙∙∙∙∙∙▒∙∙∙∙∙▒
∙∙∙▒▒)∙∙∙∙∙∙∙∙∙∙∙∙∙▒∙∙∙∙∙▒
∙∙∙▒▒∙∙∙∙∙∙∙∙∙∙)6∙∙▒∙∙∙∙∙▒
∙∙∙∙<))∙∙∙∙∙∙∙∙∙)K∙▒∙∙∙∙∙▒
∙∙∙▒▒∙∙∙∙∙∙∙▒▒∙∙∙∙∙▒▒∙∙∙∙▒
∙∙∙▒▒∙∙∙∙∙∙∙▒▒▒▒▒▒K▒▒∙∙∙∙▒
∙∙∙▒▒∙∙∙∙∙∙∙▒∙∙∙∙∙∙∙∙∙∙∙∙▒
▒▒▒▒▒∙∙▒▒▒■▒▒■▒▒'▒▒▒∙∙∙∙∙▒
∙∙∙∙▒∙∙∙∙∙▒∙∙O∙∙▒∙∙∙∙∙▒
∙∙∙∙▒∙∙∙∙∙▒∙∙∙∙∙▒▒∙∙∙∙▒ ▒
■▒▒■▒▒■▒▒'▒▒■∙∙∙∙∙▒


You could see a kobold brigand and a kobold.

Vanquished Creatures
  A two-headed ogre (D:8)
  A manticore (D:6)
  A hornet (D:8)
  2 wyverns
  A water moccasin (D:7)
  An ice beast (D:6)
  A sky beast (D:7)
  An orc warrior (D:7)
  3 black bears
  2 centaurs
  2 ogres
  A phantom (D:7)
  A kobold brigand (D:6)
  A bullfrog (D:7)
  4 scorpions
  9 wights
  A hound (D:7)
  2 orc priests
  3 jellies
  An orc wizard (D:8)
  A sleepcap (D:6)
  6 iguanas
  3 gnolls (D:4)
  7 adders
  A white imp (D:5)
  A worm (D:3)
  3 dart slugs
  22 orcs
  11 ball pythons
  6 endoplasms
  6 giant cockroaches
  2 goblins
  5 hobgoblins
  A jackal (D:5)
  19 kobolds
  6 quokkas
  5 bats
  A frilled lizard (D:1)
  A rat (D:1)
146 creatures vanquished.

Notes
Turn   | Place    | Note
-------+----------+-------------------------------------------
     0 | D:1      | Zeor the Demonspawn Gladiator began the quest for the Orb.
     0 | D:1      | Reached XP level 1. HP: 16/16 MP: 1/1
   122 | D:1      | Gained mutation: Spells you cast may paralyse adjacent
                  | enemies. [demonic ancestry]
   122 | D:1      | Reached XP level 2. HP: 20/22 MP: 2/2
   477 | D:1      | Discovered your monstrous ancestry.
   477 | D:1      | Gained mutation: Your touch may inflict minor irresistible
                  | damage on your foes. [demonic ancestry]
   477 | D:1      | Reached XP level 3. HP: 27/27 MP: 3/3
  1026 | D:2      | Identified the +1 pair of boots of Luteta {Dex+8}
  1426 | D:2      | Gained mutation: You have a small tail. [demonic ancestry]
  1426 | D:2      | Reached XP level 4. HP: 32/33 MP: 4/4
  1735 | D:3      | Identified the +9 whip "Omamemn" {elec, rPois rF+ Int-3}
  2133 | D:4      | Reached skill level 1 in Armour
  2148 | D:4      | Gained mutation: Your touch may inflict irresistible damage
                  | on your foes. [demonic ancestry]
  2148 | D:4      | Reached XP level 5. HP: 4/39 MP: 5/5
  2410 | D:4      | Reached skill level 2 in Armour
  2484 | D:4      | Noticed an ogre
  2490 | D:4      | Killed an ogre
  2491 | D:4      | Gained mutation: You have a tail ending in a sharp stinger.
                  | [demonic ancestry]
  2491 | D:4      | Reached XP level 6. HP: 47/47 MP: 6/6
  2705 | D:5      | Entered Level 5 of the Dungeon
  2709 | D:5      | Reached skill level 5 in Long Blades
  2941 | D:5      | Reached skill level 3 in Armour
  2941 | D:5      | Gained mutation: You sometimes gain a little power by
                  | taking damage. [demonic ancestry]
  2941 | D:5      | Reached XP level 7. HP: 26/52 MP: 7/7
  3161 | D:5      | Reached skill level 1 in Stealth
  3280 | D:5      | Reached skill level 1 in Maces & Flails
  3453 | D:5      | Noticed a wyvern
  3460 | D:5      | Killed a wyvern
  3727 | D:6      | Found a staircase to the Ecumenical Temple.
  3734 | Temple   | Entered the Ecumenical Temple
  3913 | Temple   | Became a worshipper of Makhleb the Destroyer
  3978 | D:6      | Reached skill level 4 in Armour
  3983 | D:6      | Reached skill level 1 in Invocations
  4083 | D:6      | Gained mutation: You sometimes gain power by taking damage.
                  | [demonic ancestry]
  4083 | D:6      | Reached XP level 8. HP: 60/60 MP: 9/9
  4331 | D:6      | Found a hazy altar of Hepliaklqana.
  4345 | D:6      | Found an ornate altar of the Wu Jian Council.
  4562 | D:6      | Noticed a manticore
  4574 | D:6      | Reached skill level 5 in Armour
  4574 | D:6      | Reached * piety under Makhleb
  4581 | D:6      | Killed a manticore
  4582 | D:6      | Reached skill level 5 in Fighting
  4583 | D:6      | Reached XP level 9. HP: 47/68 MP: 10/12
  5067 | D:7      | Reached skill level 5 in Maces & Flails
  5067 | D:7      | Reached skill level 6 in Armour
  5106 | D:7      | Reached skill level 5 in Invocations
  5452 | D:7      | Found Qaegho's Island Escapes.
  5535 | D:7      | Identified the staff of conjuration "Qipeluso" {Int+2}
  5895 | D:7      | Bought a potion of haste for 150 gold pieces
  5895 | D:7      | Bought a scroll of teleportation for 45 gold pieces
  5895 | D:7      | Bought a scroll of fog for 60 gold pieces
  5895 | D:7      | Bought a scroll of blinking for 112 gold pieces
  5964 | D:8      | Reached ** piety under Makhleb
  6074 | D:8      | Found a broken altar of Ashenzari.
  6088 | D:8      | Noticed a two-headed ogre
  6104 | D:8      | Killed a two-headed ogre
  6104 | D:8      | Slain by a kobold brigand

Illustrated notes

Levels and vault maps discovered:
D:1:      psy_arrival_dodecagon, layout_basic
D:2:      layout_loops_ring, hangedman_abyss_or_decor_lesser_grid,
          kennysheep_decorative_pillar
D:3:      layout_basic
D:4:      layout_cave_pools
D:5:      cheibrodos_two_vegetables, layout_basic
D:6:      layout_basic, mainiacjoe_overflow_brackets, mainiacjoe_overflow_paths,
          minmay_temple_entry_butterflies, minmay_fractal_squares_gapless_5
D:7:      layout_layer_cave, st_stairs_4, nicolae_island_escapes
D:8:      layout_gridville, mainiacjoe_overflow_24_doors, enter_ossuary_1
Temple:   minmay_crystal_spiral_temple

Skill      XL: |  1  2  3  4  5  6  7  8  9 |
---------------+----------------------------+-----
Long Blades    | 3 4 5 |  5.5
Dodging        | 3 |  3.4
Armour         | 1 2 3 4 5 6 |  6.7
Fighting       | 3 4 5 |  5.5
Throwing       | 2 |  2.0
Stealth        | 1 2 |  2.6
Maces & Flails | 2 4 5 |  5.8
Invocations    | 1 4 5 |  5.8

Action                     |  1- 3 |  4- 6 |  7- 9 || total
---------------------------+-------+-------+-------++-------
  Melee: Long sword        |   100 |     7 |       ||   107
         Touch             |     5 |     8 |    29 ||    42
         Whip              |       |    66 |   149 ||   215
         Tailslap          |       |    10 |    28 ||    38
         Punch             |       |       |     1 ||     1
  Throw: Throwing net      |       |     1 |     1 ||     2
    Use: Scroll            |     5 |     3 |    10 ||    18
         Potion            |       |     1 |     4 ||     5
   Stab: Held in net/web   |       |     1 |     1 ||     2
 Armour: Leather armour    |    17 |       |       ||    17
         Plate armour      |    46 |    25 |    82 ||   153
  Dodge: Dodged            |    31 |    29 |    52 ||   112
